 Dungeon Crawl Stone Soup version 0.31-a0-233-g139696dc86 (webtiles) character file.

Game seed: 2983105820987198502

247 qw the Shooter (level 6, -1/35 HPs)
             Began as a Gargoyle Hexslinger on July 8, 2023.
             Slain by a wight
             ... wielding a +0 short sword
              (6 damage)
             ... on level 4 of the Dungeon.
             The game lasted 00:00:59 (2912 turns).

qw the Shooter (Gargoyle Hexslinger)                Turns: 2912, Time: 00:00:59

Health: -1/35      AC: 11    Str: 12    XL:     6   Next: 11%
Magic:  7/7        EV: 15    Int: 13    God:
Gold:   165        SH:  0    Dex: 14    Spells: 6/7 levels left

rFire   . . .        Y - +4 sling
rCold   + . .        (no shield)
rNeg    + . .        k - +0 ring mail
rPois   inf          (no helmet)
rElec   +            (no cloak)
rCorr   .            (no gloves)
SInv    .            b - +0 pair of boots
Will    .....        (no amulet)
Stlth   +            j - +5 ring of evasion
HPRegen 0.25/turn    g - ring of protection from cold
MPRegen 0.10/turn

%: no passive effects
@: no status effects
A: sickness immunity, AC +4, negative energy resistance 1, electricity
resistance, torment resistance 1, petrification resistance
a: no special abilities


You were on level 4 of the Dungeon.
You visited 1 branch of the dungeon, and saw 4 of its levels.

You collected 165 gold pieces.


Innate Abilities, Weirdness & Mutations

You are immune to sickness and miasma.
Your stone body is resilient. (AC +4)
You are immune to poison.
You resist negative energy. (rN+)
You are resistant to electric shocks. (rElec)
You are resistant to unholy torment.
You are immune to petrification.


   Skills:
 + Level 2.0 Fighting
 - Level 5.2 Ranged Weapons
 - Level 2.9 Armour
 - Level 1.5 Dodging
 - Level 1.0 Spellcasting
 - Level 2.6 Hexes


You had 6 spell levels left.
You knew the following spells:

 Your Spells              Type           Power      Damage    Failure   Level
a - Slow                  Hex            28%        N/A       21%         1

Your spell library contained the following spells:

 Spells                   Type           Power      Damage    Failure   Level
 Inner Flame              Hex/Fire       4%         N/A       71%         3
 Portal Projectile        Hex/Tloc       8%         N/A       71%         3
 Cause Fear               Hex            3%         N/A       90%         4

Inventory:

Hand Weapons
 Y - a +4 sling (weapon)
Armour
 b - a +0 pair of boots (worn)
 k - a +0 ring mail (worn)
Jewellery
 g - a ring of protection from cold (right hand)
 j - a +5 ring of evasion (left hand)
 m - a ring of protection from fire
Potions
 a - a potion of brilliance {unknown}
 c - a potion of haste {unknown}
 d - a potion of degeneration {unknown}
 e - a potion of mutation {unknown}
 f - a potion of ambrosia {unknown}
 h - a potion of cancellation {unknown}
 i - a potion of curing {unknown}

Dungeon Overview and Level Annotations

Branches:
Dungeon (4/15)             Temple (0/1) D:4

Altars:
Uskayaw


Message History

The sling bullet hits the wight but does no damage.
The wight is lightly damaged.
You shoot a sling bullet.
The sling bullet hits the wight but does no damage.
The wight is lightly damaged.
The wight hits you with a +0 scimitar.
You shoot a sling bullet. The sling bullet hits the wight.
The wight is moderately damaged.
The wight hits you but does no damage.
You shoot a sling bullet.
The sling bullet hits the wight but does no damage.
The wight is moderately damaged.
The wight misses you.
You shoot a sling bullet. The sling bullet hits the wight.
The wight is heavily damaged.
The wight hits you with a +0 scimitar! The wight hits you with a +0 scimitar.
You shoot a sling bullet.
The sling bullet closely misses the wight.
The wight hits you but does no damage. The wight closely misses you.
You shoot a sling bullet. The sling bullet hits the wight!
You destroy the wight!
The wight hits you with a +0 hand axe.
Your Ranged Weapons skill increases to level 5!
You have reached level 6!
You shoot a sling bullet.
The sling bullet barely misses the wight.
The wight closely misses you. The wight hits you with a +0 hand axe.
You shoot a sling bullet. The sling bullet hits the wight.
The wight is moderately damaged.
The wight hits you with a +0 short sword.
The wight closely misses you. The wight completely misses you.
The wight barely misses you.
You shoot a sling bullet.
The sling bullet hits the wight but does no damage.
The wight is moderately damaged.
The wight misses you. The wight hits you but does no damage.
You shoot a sling bullet. The sling bullet hits the wight!
The wight is severely damaged.
The wight hits you with a +0 short sword.
You die...

########## .........#
.........# ###
.........# #.#####
.........#######.....##.
................@z......
...............()z......
###'#####.>.....#.......
........#.......#.......
........#.......#....##.
#.......#....[..#....#
#.......#.......#....#
##+######.......#.....
#.......#.......+


You could see 2 wights.

Vanquished Creatures
  A phantom (D:4)
  A wight (D:4)
  An orc priest (D:3)
  2 adders (D:2)
  2 worms (D:2)
  2 dart slugs
  6 orcs
  3 ball pythons
  7 endoplasms
  7 goblins
  5 hobgoblins
  A kobold (D:3)
  3 quokkas
  7 bats
  6 frilled lizards
  7 rats
61 creatures vanquished.

Notes
Turn   | Place    | Note
-------+----------+-------------------------------------------
     0 | D:1      | qw the Gargoyle Hexslinger began the quest for the Orb.
     0 | D:1      | Reached XP level 1. HP: 12/12 MP: 2/2
     0 | D:1      | 0 ||| qw: Version: 0.3-a-46-gb1f654a
     0 | D:1      | 0 ||| qw: Game counter: 3524
     0 | D:1      | 0 ||| qw: Melee chars always use a shield: true
     0 | D:1      | 0 ||| qw: God list: Okawaru
     0 | D:1      | 0 ||| qw: Allow faded altars: false
     0 | D:1      | 0 ||| qw: Do Orc after clearing Dungeon:15 true
     0 | D:1      | 0 ||| qw: Do second Lair branch before Depths: true
     0 | D:1      | 0 ||| qw: Lair rune preference: random
     0 | D:1      | 0 ||| qw: Goals: Normal
     0 | D:1      | 0 ||| PLANNING D:1-11
   195 | D:1      | Reached XP level 2. HP: 14/16 MP: 3/3
   352 | D:1      | Reached skill level 3 in Ranged Weapons
   835 | D:1      | 835 ||| UPGRADING to +0 leather armour.
   845 | D:1      | 845 ||| DROPPING +0 robe.
   846 | D:1      | 846 ||| UPGRADING to +5 ring of evasion.
   847 | D:1      | 847 ||| READING 2 scrolls labelled PIPNOUROY.
   848 | D:1      | 848 ||| READING scroll labelled BOWIHAIBICW.
   851 | D:1      | 851 ||| READING scroll labelled OQUSUSSYWK.
   852 | D:1      | 852 ||| DROPPING scroll of immolation.
   853 | D:1      | 853 ||| DROPPING scroll of poison.
   983 | D:2      | Reached XP level 3. HP: 21/21 MP: 4/4
  1291 | D:2      | HP: 2/21 [worm (6)]
  1493 | D:2      | Reached XP level 4. HP: 22/26 MP: 5/5
  1729 | D:2      | 1729 ||| UPGRADING to +0 pair of boots.
  1734 | D:2      | 1734 ||| UPGRADING to ring of protection from cold.
  1735 | D:2      | 1735 ||| READING scroll labelled KORUXU ICAK.
  1736 | D:2      | 1736 ||| READING scroll labelled WIORICZ LEAT.
  1761 | D:2      | Reached skill level 4 in Ranged Weapons
  2029 | D:3      | 2029 ||| READING scroll of enchant weapon.
  2029 | D:3      | 2029 ||| ENCHANTING +2 sling.
  2037 | D:3      | 2037 ||| READING scroll of enchant weapon.
  2037 | D:3      | 2037 ||| ENCHANTING +3 sling.
  2390 | D:3      | Found a hide-covered altar of Uskayaw.
  2679 | D:3      | 2679 ||| UPGRADING to +0 ring mail.
  2689 | D:3      | 2689 ||| DROPPING +0 leather armour.
  2690 | D:3      | 2690 ||| DROPPING ring of magical power.
  2691 | D:3      | 2691 ||| READING scroll labelled UWEOTA QUEDUTZ.
  2692 | D:3      | 2692 ||| DRINKING 2 viscous orange potions.
  2709 | D:3      | 2709 ||| DROPPING potion of lignification.
  2739 | D:4      | Reached XP level 5. HP: 30/30 MP: 6/6
  2775 | D:4      | Found a staircase to the Ecumenical Temple.
  2776 | D:4      | 2776 ||| PLANNING TEMPLE
  2834 | D:4      | Noticed a phantom
  2855 | D:4      | Killed a phantom
  2909 | D:4      | Reached skill level 5 in Ranged Weapons
  2909 | D:4      | Reached XP level 6. HP: 14/35 MP: 7/7
  2910 | D:4      | HP: 5/35 [wight/+0 short sword (6)]
  2912 | D:4      | Slain by a wight

Levels and vault maps discovered:
D:1:      lemuel_arrival_room, layout_basic
D:2:      layout_loops_corners
D:3:      layout_basic, mainiacjoe_overflow_cross_hatched
D:4:      cheibrodos_helix_gallery, layout_gridville,
          minmay_temple_entry_from_below_a, uniq_blork_the_orc

Skill      XL: |  1  2  3  4  5 |
---------------+----------------+-----
Ranged Weapons | 3 4 5 |  5.2
Fighting       | 2 |  2.0
Armour         | 2 |  2.9
Dodging        | |  1.5
Spellcasting   | |  1.0
Hexes          | |  2.6

Action                     |  1- 3 |  4- 6 || total
---------------------------+-------+-------++-------
   Fire: Sling             |   114 |    92 ||   206
    Use: Scroll            |     3 |     5 ||     8
         Potion            |       |     1 ||     1
 Armour: Robe              |     7 |       ||     7
         Leather armour    |    10 |     2 ||    12
         Ring mail         |       |    12 ||    12
  Dodge: Dodged            |    29 |    39 ||    68

Table legend:
 A = Non-vault XP
 B = Vault XP
 C = Vault XP percentage of total XP
 D = Non-vault monster count
 E = Vault monster count
 F = Vault count percentage of total count
                 A         B        C        D         E       F
            +---------+---------+-------+---------+---------+-------
      Total |     354 |       0 |   0.0 |      61 |       0 |   0.0
            +---------+---------+-------+---------+---------+-------
        D:1 |      30 |       0 |   0.0 |      19 |       0 |   0.0
        D:2 |      62 |       0 |   0.0 |      19 |       0 |   0.0
        D:3 |      72 |       0 |   0.0 |      16 |       0 |   0.0
        D:4 |     190 |       0 |   0.0 |       7 |       0 |   0.0
            +---------+---------+-------+---------+---------+-------
